 Dungeon Crawl Stone Soup version 0.22-a0-247-gbddf880 (webtiles) character file.

883 Serpenta the Chiller (level 8, -13/46 HPs)
             Began as an Octopode Ice Elementalist on Feb 26, 2018.
             Was a Follower of Okawaru.
             Mangled by Prince Ribbit (18 damage)
             ... on level 5 of the Dungeon.
             The game lasted 00:13:26 (6150 turns).

Serpenta the Chiller (Octopode Ice Elementalist)    Turns: 6150, Time: 00:13:27

Health: -13/46     AC:  1    Str:  7    XL:     8   Next: 5%
Magic:  9/12       EV: 17    Int: 18    God:    Okawaru [*.....]
Gold:   328        SH:  0    Dex: 14    Spells: 5/11 levels left

rFire    . . .     SeeInvis .   b - +0 dagger
rCold    . . .     Gourm    .   (no shield)
rNeg     . . .     Faith    .   (helmet restricted)
rPois    .         Spirit   .   t - amulet of harm
rElec    .         Reflect  .   e - ring of resist corrosion
rCorr    +         Harm     +   (no ring)
MR       .....                  (no ring)
Stlth    +++++.....             (no ring)
HPRegen  0.15/turn              (no ring)
MPRegen  0.13/turn              (no ring)
                                (no ring)
                                (no ring)

@: heroism, hasted, very quick
A: almost no armour, stealthy swim, amphibious, 8 rings, constrict 8, camouflage
1, gelatinous body 1
a: Heroism, Renounce Religion


You were on level 5 of the Dungeon.
You worshipped Okawaru.
Okawaru was aware of your devotion.
You were not hungry.

You visited 2 branches of the dungeon, and saw 7 of its levels.

You collected 328 gold pieces.


Innate Abilities, Weirdness & Mutations

You cannot wear most types of armour.
You are very stealthy in the water. (Stealth+)
You are amphibious.
You can wear up to eight rings at the same time.
You can use your tentacles to constrict eight enemies at once.
Your skin changes colour to match your surroundings (Stealth+).
Your rubbery body absorbs attacks. (AC +1, EV +1)


   Skills:
 + Level 1.3(6.3) Short Blades
 - Level 2.0(7.0) Dodging
 + Level 3.5(8.5) Stealth
 - Level 2.0 Spellcasting
 - Level 1.0 Conjurations
 - Level 7.0 Ice Magic
 - Level 6.0 Invocations


You had 5 spell levels left.
You knew the following spells:

 Your Spells              Type           Power        Failure   Level  Hunger
o - Ozocubu's Armour      Chrm/Ice       ##......     13%         3    ###....
A - Freeze                Ice            ####         1%          1    #......
B - Throw Frost           Conj/Ice       ###...       5%          2    ###....

Action                   |  1- 3 |  4- 6 |  7- 9 || total
-------------------------+-------+-------+-------++-------
Melee: Dagger            |    30 |   124 |    28 ||   182
       Unarmed           |     2 |       |       ||     2
       Constrict         |    10 |    32 |     7 ||    49
       Tentacles         |     5 |    17 |     5 ||    27
Throw: Tomahawk          |       |     1 |       ||     1
 Cast: Freeze            |    34 |    36 |    24 ||    94
       Throw Frost       |       |     5 |     2 ||     7
       Ozocubu's Armour  |       |     2 |     2 ||     4
Invok: Heroism           |       |       |     1 ||     1
  Use: Scroll            |     2 |     5 |     1 ||     8
       Potion            |       |     1 |     2 ||     3
 Stab: Sleeping          |    11 |    16 |     1 ||    28
  Eat: Chunk             |     2 |     9 |     4 ||    15
       Ration            |       |     1 |       ||     1
Armor: Skin              |     3 |    13 |     6 ||    22
Dodge: Dodged            |    23 |    88 |    35 ||   146

Inventory:

Hand Weapons
 b - a +0 dagger (weapon)
 w - the +7 mace "Toxtub" {crush, rPois Dex+4 SInv, unknown}
   (You found it on level 5 of the Dungeon)

   It inflicts extra damage upon your enemies.
   It affects your dexterity (+4).
   It protects you from poison.
   It lets you see invisible.
Missiles
 s - 7 tomahawks (quivered)
Jewellery
 e - a ring of resist corrosion (left tentacle)
 t - an amulet of harm (around mantle)
Scrolls
 g - 2 scrolls of enchant armour {unknown}
 i - a scroll of enchant weapon {unknown}
 j - 2 scrolls of fear {unknown}
 k - a scroll of blinking {unknown}
 m - 3 scrolls of remove curse
 n - a scroll of immolation {unknown}
 o - 2 scrolls of teleportation {unknown}
 q - a scroll of random uselessness {unknown}
 r - 2 scrolls of amnesia {unknown}
 v - 3 scrolls of fog {unknown}
Potions
 c - 2 potions of mutation
 d - a potion of berserk rage
 f - 3 potions of agility
 h - 2 potions of curing
 l - a potion of lignification
 p - 2 potions of flight
 z - a potion of haste
Comestibles
 a - 10 rations
 u - 4 chunks of flesh {@w1}

......# #...#.# #.#
#####.# #####..#.#
#.##### #.#
#......#.######
#...).#
####'###.............#
#####.#
#......#........####.#
#.# #........<.###..#
#.# #.# #..........#
#..# #.#######.#
#..........# ##.#
#.#.......#
#..........# #@#
#.#.#######
#..........# #F#
#.#.#....#
#..........# #.#
#.#.#.##.####
##..........# #.#
#.#....#.....
##..........#
#.####.#.########.
##..........#
#......#........).
##..........#
########.#########
##..........# #.#
#.#<# ##..........#
#.# #...#


You could see Prince Ribbit.

Vanquished Creatures
  Grinder (D:6)
  A centaur (D:5)
  A bullfrog zombie (D:5)
  A hound (D:5)
  4 orc priests
  5 orc wizards
  An iguana (D:4)
  2 worker ants
  A hound skeleton (D:3)
  A worker ant zombie (D:3)
  8 adders
  2 oozes
  An adder zombie (D:6)
  2 adder skeletons
  2 worms (D:3)
  3 dart slugs
  3 leopard geckos
  17 orcs
  6 giant cockroaches
  7 goblins
  5 hobgoblins
  6 jackals
  A ball python (D:1)
  10 bats
  4 frilled lizards
  7 kobolds
  A leopard gecko skeleton (D:5)
  2 leopard gecko zombies
  A quokka skeleton (D:3)
  10 rats
116 creatures vanquished.

Vault maps used:
D:1:      evilmike_arrival_hilbert_curve, minmay_tromino_v2
D:2:      uniq_sigmund
D:3:      marbit_many_paths, serial_undead, serial_undead_e, serial_undead_e,
          serial_undead_a, serial_undead_c, serial_undead_c, serial_undead_c,
          serial_undead_b, serial_undead_f, led_sif_pool
D:4:      minmay_diamond_boxcup, gammafunk_temple_overflow_pools,
          minmay_temple_entry_large_hall, first_ration, uniq_edmund
D:6:      uniq_duvessa, uniq_grinder, uniq_eustachio, uniq_prince_ribbit1
Temple:   nicolae_temple_elliptical


Message History

You freeze Prince Ribbit.
Prince Ribbit seems to slow down.
Prince Ribbit is moderately wounded.
Prince Ribbit closely misses you.
Casting: Freeze (safe; 1% risk of failure)
Confirm with . or Enter, or press ? or * to list all spells.
Aiming: Freeze (safe; 1% risk of failure)
Press: ? - help, Shift-Dir - straight line, f/p - Prince Ribbit
Aim: Prince Ribbit (moderately wounded, slow)
You freeze Prince Ribbit.
Prince Ribbit seems to slow down.
Prince Ribbit is moderately wounded.
Prince Ribbit hits you!!
* * * LOW HITPOINT WARNING * * *
Casting: Freeze (safe; 1% risk of failure)
Confirm with . or Enter, or press ? or * to list all spells.
Aiming: Freeze (safe; 1% risk of failure)
Press: ? - help, Shift-Dir - straight line, f/p - Prince Ribbit
Aim: Prince Ribbit (moderately wounded, slow)
Okay, then.
You feel yourself speed up. Prince Ribbit hits you!
You die...

Notes
Turn   | Place    | Note
-------+----------+-------------------------------------------
     0 | D:1      | Serpenta the Octopode Ice Elementalist began the quest for the Orb.
     0 | D:1      | Reached XP level 1. HP: 11/11 MP: 3/3
   191 | D:1      | Reached XP level 2. HP: 17/17 MP: 1/5
   587 | D:1      | Reached skill level 4 in Ice Magic
   642 | D:1      | Reached XP level 3. HP: 19/21 MP: 6/6
  1456 | D:2      | Reached XP level 4. HP: 27/27 MP: 4/7
  1463 | D:2      | Learned a level 2 spell: Throw Frost
  1467 | D:2      | Learned a level 3 spell: Ozocubu's Armour
  1520 | D:2      | Noticed Sigmund
  1852 | D:3      | Reached skill level 5 in Ice Magic
  2244 | D:3      | Found a deep blue altar of Sif Muna.
  2363 | D:3      | Reached XP level 5. HP: 20/31 MP: 8/8
  2954 | D:3      | Found a bloodstained altar of Trog.
  3236 | D:4      | Found a staircase to the Ecumenical Temple.
  3264 | D:4      | Reached skill level 6 in Ice Magic
  3279 | Temple   | Entered the Ecumenical Temple
  3353 | Temple   | Became a worshipper of Warmaster Okawaru
  3610 | D:4      | Reached XP level 6. HP: 33/36 MP: 6/9
  3813 | D:4      | Reached skill level 7 in Ice Magic
  3957 | D:4      | Noticed Edmund
  4106 | D:4      | Noticed a phantom
  4350 | D:4      | Reached skill level 1 in Invocations
  4476 | D:4      | Found an ornate altar of the Wu Jian Council.
  4476 | D:4      | Found a sacrificial altar of Ru.
  4616 | D:5      | Entered Level 5 of the Dungeon
  4718 | D:5      | Got a shimmering mace
  4992 | D:4      | Reached XP level 7. HP: 40/41 MP: 3/10
  5379 | D:5      | Noticed a troll
  5713 | D:6      | Noticed Prince Ribbit
  5755 | D:6      | Noticed Grinder
  5761 | D:6      | Killed Grinder
  5761 | D:6      | Reached * piety under Okawaru
  5815 | D:6      | Noticed torrenera's ghost (novice VSIE)
  5937 | D:5      | Reached skill level 1 in Short Blades
  5937 | D:5      | Reached XP level 8. HP: 41/46 MP: 7/12
  6150 | D:5      | Mangled by Prince Ribbit
